 Dungeon Crawl Stone Soup version 0.17.2-1-ge4368a0 (webtiles) character file.

261 Blowhard the Conjurer (level 6, 0/32 HPs)
             Began as a Tengu Wizard on July 9, 2017.
             Slain by an ice beast (10 damage)
             ... on level 4 of the Dungeon.
             The game lasted 00:10:31 (4390 turns).

Blowhard the Conjurer (Tengu Wizard)                Turns: 4390, Time: 00:10:31

Health: 0/32       AC:  3    Str:  7    XL:     6   Next: 18%
Magic:  14/14      EV: 12    Int: 21    God:
Gold:   122        SH:  0    Dex: 12    Spells: 6 memorised, 1 level left

rFire  . . .     SeeInvis .     a - +3 spear (venom)
rCold  . . .     Clarity  .     p - +0 robe
rNeg   . . .     SustAt   .     (no shield)
rPois  .         Gourm    .     b - +0 hat
rElec  .         Spirit   .     w - +0 cloak
rCorr  .         Warding  .     (no gloves)
rMut   .         Stasis   .     (boots unavailable)
MR     .....                    (no amulet)
Stlth  ++........               (no ring)
                                (no ring)

@: not resistant to hostile enchantments, unstealthy
A: beak, talons 3, able to fly 1
a: Fly


You were on level 4 of the Dungeon.
You were not hungry.

You visited 1 branch of the dungeon, and saw 5 of its levels.

You collected 122 gold pieces.

Inventory:

Hand Weapons
 a - a +3 spear of venom (weapon)
 m - a +0 short sword
 v - a +0 hunting sling of flaming
Missiles
 u - 55 stones (quivered)
Armour
 b - a +0 hat (worn)
 p - a +0 robe (worn)
 w - a +0 cloak (worn)
Wands
 f - a wand of flame (19)
Scrolls
 e - a scroll of recharging
 g - a scroll of remove curse
Potions
 h - 3 potions of curing
 k - a potion of flight
 o - a potion of resistance
Books
 c - a book of Minor Magic

   Spells                             Type                      Level
   a - Magic Dart                     Conjuration                  1
   b - Blink                          Translocation                2
   c - Call Imp                       Summoning                    2
   d - Repel Missiles                 Charms/Air                   2
   e - Slow                           Hexes                        2
   f - Conjure Flame                  Conjuration/Fire             3
   g - Mephitic Cloud                 Conjuration/Poison/Air       3


   Skills:
 - Level 2.1 Dodging
 - Level 2.0 Stealth
 + Level 4.8 Spellcasting
 + Level 5.6 Conjurations
 - Level 1.2 Summonings
 - Level 0.7 Translocations


You had one spell level left.
You knew the following spells:

 Your Spells              Type           Power        Failure   Level  Hunger
a - Magic Dart            Conj           ####         1%          1    None
b - Blink                 Tloc           N/A          14%         2    None
c - Call Imp              Summ           ##......     12%         2    None
d - Conjure Flame         Conj/Fire      ###.....     12%         3    ##.....
e - Mephitic Cloud        Conj/Pois/Air  ##......     17%         3    ##.....
k - Repel Missiles        Chrm/Air       #.....       17%         2    None


Dungeon Overview and Level Annotations

Branches:
Dungeon (5/15)
 Temple: D:4-7

Altars:
Gozag
Sif Muna
Zin

Shops:
D:4 }

Annotations:
D:4 KleinerIrrer's ghost, amateur OgFi
D:5 Grinder


Innate Abilities, Weirdness & Mutations

You have a beak for a mouth.
You have claws for feet.
You can fly.


Message History

Press: ? - help, Shift-Dir - straight line, f/p - ice beast
Aim: an ice beast (severely wounded)
The puff of flame misses the ice beast.
Evoking this partially-identified wand wasted a few charges.
Evoke which item? (* to show all) (? for menu, Esc to quit)
Zapping:
f - a wand of flame {zapped: 9} (will waste charges)
Press: ? - help, Shift-Dir - straight line, f/p - ice beast
Aim: an ice beast (severely wounded)
The puff of flame hits the ice beast.
The ice beast appears unharmed.
The ice beast is severely wounded.
Evoking this partially-identified wand wasted a few charges.
Evoke which item? (* to show all) (? for menu, Esc to quit)
Zapping:
f - a wand of flame {zapped: 11} (will waste charges)
Press: ? - help, Shift-Dir - straight line, f/p - ice beast
Aim: an ice beast (severely wounded)
The puff of flame hits the ice beast.
The ice beast melts!
The ice beast is almost dead.
Evoking this partially-identified wand wasted a few charges.
The ice beast hits you. The ice beast freezes you!
You die...

...#..........#.#........####.###
...#########..#.#..........(.....
...# #.......#................
#### #.###..##.#######........
#.# ##.##.# #.(...... #.# #..#.#
#........ #.# ##.#.# #........
#.# #.#Y##### #........ #.#
#.@.....# ######### #.# ##..###.#
#######'#### #..# #.#
#..........# #..# #.#
#..........# #.># #.#
#..........# #### #)#
###..........#### #.#
................# #.#
................# #.#


You could see an ice beast.

Vanquished Creatures
  A hound (D:4)
  An orc priest (D:4)
  A worker ant (D:5)
  5 adders
  7 gnolls
  An adder skeleton (D:4)
  A worm (D:4)
  3 giant geckos
  9 orcs
  4 giant cockroaches
  3 goblins
  7 hobgoblins
  2 ball pythons
  5 bats
  4 giant newts
  2 kobolds
  3 quokkas
  5 rats
64 creatures vanquished.

Notes
Turn   | Place    | Note
--------------------------------------------------------------
     0 | D:1      | Blowhard the Tengu Wizard began the quest for the Orb.
     0 | D:1      | Reached XP level 1. HP: 10/10 MP: 5/5
   346 | D:1      | Reached XP level 2. HP: 15/15 MP: 0/7
   902 | D:2      | Reached XP level 3. HP: 10/19 MP: 0/9
  1354 | D:2      | Reached XP level 4. HP: 24/24 MP: 4/10
  1928 | D:2      | Learned a level 3 spell: Conjure Flame
  1931 | D:2      | Learned a level 2 spell: Repel Missiles
  1933 | D:2      | Reached skill level 4 in Conjurations
  1975 | D:2      | Learned a level 3 spell: Mephitic Cloud
  2498 | D:4      | Learned a level 2 spell: Blink
  2525 | D:4      | Gained mutation: You can fly. [Tengu growth]
  2525 | D:4      | Reached XP level 5. HP: 28/28 MP: 2/12
  2937 | D:4      | Noticed KleinerIrrer's ghost (amateur OgFi)
  3135 | D:4      | Reached skill level 5 in Conjurations
  3179 | D:4      | Found a glowing silver altar of Zin.
  3204 | D:4      | Found an opulent altar of Gozag.
  3364 | D:4      | Found a deep blue altar of Sif Muna.
  3446 | D:4      | Learned a level 2 spell: Call Imp
  3463 | D:4      | Found Yschub's Gadget Emporium.
  4001 | D:4      | Reached XP level 6. HP: 22/32 MP: 9/14
  4205 | D:5      | Entered Level 5 of the Dungeon
  4278 | D:5      | Noticed Grinder
  4384 | D:4      | Noticed an ice beast
  4390 | D:4      | Slain by an ice beast

Action                   |  1- 3 |  4- 6 || total
-------------------------+-------+-------++-------
Melee: Unarmed           |     4 |     2 ||     6
       Spear             |       |    42 ||    42
 Fire: Hunting sling     |       |    14 ||    14
Throw: Throwing net      |     1 |     1 ||     2
 Cast: Magic Dart        |    56 |    80 ||   136
       Mephitic Cloud    |       |     8 ||     8
       Conjure Flame     |       |     9 ||     9
       Call Imp          |       |    14 ||    14
 Abil: Fly               |       |     5 ||     5
Evoke: Wand              |       |     6 ||     6
  Use: Potion            |       |     3 ||     3
       Scroll            |       |    14 ||    14
 Stab: Held in net/web   |       |     1 ||     1
  Eat: Chunk             |       |     3 ||     3
       Bread ration      |       |     2 ||     2
       Pizza             |       |     1 ||     1
